 Dungeon Crawl Stone Soup version 0.22-a0-433-gd2a9cce (webtiles) character file.

873 nikopol the Magician (level 7, -9/37 HPs)
             Began as a Deep Elf Fire Elementalist on May 27, 2018.
             Was a Follower of Vehumet.
             Killed by divine providence
             ... invoked by an orc priest
              (11 damage)
             ... on level 5 of the Dungeon.
             The game lasted 00:14:01 (4805 turns).

nikopol the Magician (Deep Elf Fire Elementalist)   Turns: 4805, Time: 00:14:02

Health: -9/37      AC:  3    Str:  5    XL:     7   Next: 74%
Magic:  1/18       EV: 14    Int: 22    God:    Vehumet [*.....]
Gold:   356        SH:  0    Dex: 15    Spells: 4/19 levels left

rFire    . . .     SeeInvis .   (no weapon)
rCold    . . .     Gourm    .   (no shield)
rNeg     . . .     Faith    .   a - +0 robe
rPois    .         Spirit   .   o - +0 helmet
rElec    .         Reflect  .   (no cloak)
rCorr    .         Harm     .   (no gloves)
MR       .....                  (no boots)
Stlth    +++.......             (no amulet)
HPRegen  0.12/turn              (no ring)
MPRegen  0.16/turn              (no ring)

@: very slightly contaminated
A: no striking features
a: Renounce Religion


You were on level 5 of the Dungeon.
You worshipped Vehumet.
Vehumet was aware of your devotion.
You were hungry.

You visited 2 branches of the dungeon, and saw 6 of its levels.

You collected 356 gold pieces.

Inventory:

Armour
 a - a +0 robe (worn)
 o - a +0 helmet (worn)
Jewellery
 h - an uncursed amulet of harm {unknown}
 k - an uncursed ring of ice {unknown}
 m - a +3 ring of protection {unknown}
 t - an uncursed amulet of regeneration {unknown}
Wands
 w - a wand of flame (32)
Scrolls
 b - 3 scrolls of identify {unknown}
 e - 3 scrolls of teleportation {unknown}
 f - 4 scrolls of remove curse {unknown}
 g - a scroll of enchant armour {unknown}
 l - a scroll of amnesia {unknown}
 p - a scroll of fear {unknown}
 q - 2 scrolls of noise {unknown}
 s - a scroll of fog {unknown}
 u - a scroll of enchant weapon {unknown}
 v - a scroll of immolation {unknown}
Potions
 d - a potion of ambrosia {unknown}
 i - 3 potions of might {unknown}
 j - a potion of haste {unknown}
 n - a potion of degeneration {unknown}
 r - a potion of brilliance {unknown}
Comestibles
 c - 9 rations
 x - 2 chunks of flesh


   Skills:
 + Level 0.6 Fighting
 + Level 3.5 Dodging
 + Level 3.8 Stealth
 + Level 6.6 Spellcasting
 + Level 4.9 Conjurations
 + Level 6.3 Fire Magic


You had 4 spell levels left.
You knew the following spells:

 Your Spells              Type           Power        Failure   Level  Hunger
a - Flame Tongue          Conj/Fire      ####.        1%          1    None
b - Throw Flame           Conj/Fire      ####..       1%          2    None
c - Conjure Flame         Conj/Fire      ####....     2%          3    #......
d - Sticky Flame          Conj/Fire      ####....     9%          4    ###....
e - Fireball              Conj/Fire      ####......   24%         5    #####..

Your spell library contained the following spells:

 Spells                   Type           Power        Failure   Level  Hunger
 Inner Flame              Hex/Fire       ###.....     7%          3    #......


Dungeon Overview and Level Annotations

Branches:
Dungeon (5/15)             Temple (1/1) D:4

Altars:
Ashenzari
Cheibriados
Dithmenos
Elyvilon
Fedhas
Gozag
Hepliaklqana
Kikubaaqudgha
Makhleb
Nemelex Xobeh
Okawaru
Qazlal
Ru
Sif Muna
Trog
Uskayaw
Vehumet
Wu Jian
Xom
Yredelemnul
Zin
The Shining One

Annotations:
D:5 Menkaure


Message History

Aim: an orc priest, wielding a mace The puff of flame misses the orc priest.
The puff of flame hits the orc.
You kill the orc!
Vehumet accepts your kill.
Casting: Throw Flame (safe; 1% risk of failure)
Confirm with . or Enter, or press ? or * to list all spells.
You don't have enough magic to cast that spell.
Casting: Throw Flame (safe; 1% risk of failure)
Confirm with . or Enter, or press ? or * to list all spells.
Aiming: Flame Tongue (safe; 1% risk of failure)
Press: ? - help, Shift-Dir - straight line, f/p - orc priest
Aim: an orc priest, wielding a mace The flame tongue hits the orc priest.
The orc priest is lightly wounded.
Menkaure, Prince of Dust comes into view.
Menkaure shouts!
You hear a shout!
The orc priest calls down the wrath of Beogh upon you.
Beogh smites you!
You die...

#.# .....
#.# ... #.#
#M# #.# #.#
#.# #.# #.#
#.# #.# #o#
#.# #.# #.#
#@#
#.#######.#
#.........#
###########


You could see Menkaure and an orc priest.

Vanquished Creatures
  An ice beast (D:5)
  A phantom (D:4)
  An ogre (D:4)
  3 howler monkeys (D:4)
  A bullfrog skeleton (D:4)
  A hound (D:4)
  An orc priest (D:5)
  An orc wizard (D:5)
  Jessica (D:3)
  Terence (D:2)
  4 worker ants
  A killer bee zombie (D:5)
  6 gnolls
  6 adders
  An ooze (D:5)
  An adder skeleton (D:5)
  A worm (D:3)
  A dart slug (D:5)
  4 leopard geckos
  16 orcs
  3 bats
  4 giant cockroaches
  4 goblins
  3 hobgoblins
  5 kobolds
  5 quokkas
  2 ball pythons
  4 frilled lizards
  4 rats
87 creatures vanquished.

Notes
Turn   | Place    | Note
-------+----------+-------------------------------------------
     0 | D:1      | nikopol the Deep Elf Fire Elementalist began the quest for the Orb.
     0 | D:1      | Reached XP level 1. HP: 10/10 MP: 6/6
   171 | D:1      | Reached XP level 2. HP: 13/15 MP: 4/8
   385 | D:2      | Found a hide-covered altar of Uskayaw.
  1033 | D:3      | Reached XP level 3. HP: 19/19 MP: 6/10
  1064 | D:3      | Noticed Terence
  1226 | D:2      | Killed Terence
  1359 | D:3      | Reached XP level 4. HP: 24/24 MP: 8/12
  1367 | D:3      | Noticed Jessica
  1375 | D:3      | Killed Jessica
  1382 | D:3      | Learned a level 2 spell: Throw Flame
  1386 | D:3      | Learned a level 3 spell: Conjure Flame
  1391 | D:3      | Learned a level 4 spell: Sticky Flame
  1966 | D:2      | Found a shimmering altar of Xom.
  2736 | D:4      | Noticed a phantom
  2777 | D:4      | Reached XP level 5. HP: 16/28 MP: 8/14
  2923 | D:4      | Reached skill level 5 in Spellcasting
  2926 | D:4      | Noticed an ogre
  3022 | D:4      | Killed a phantom
  3022 | D:4      | Reached skill level 5 in Fire Magic
  3022 | D:4      | Reached XP level 6. HP: 23/32 MP: 1/16
  3477 | D:4      | Found a staircase to the Ecumenical Temple.
  3489 | Temple   | Entered the Ecumenical Temple
  3619 | Temple   | Became a worshipper of Vehumet
  3687 | D:4      | Reached XP level 7. HP: 37/37 MP: 7/18
  3899 | D:4      | Found an ornate altar of the Wu Jian Council.
  3961 | D:4      | Found an opulent altar of Gozag.
  3963 | D:4      | Found a bloodstained altar of Trog.
  3974 | D:4      | Found a basalt altar of Yredelemnul.
  4256 | D:5      | Entered Level 5 of the Dungeon
  4701 | D:5      | Reached * piety under Vehumet
  4701 | D:5      | Offered knowledge of Sandblast by Vehumet.
  4777 | D:5      | Learned a level 5 spell: Fireball
  4801 | D:5      | HP: 1/37 [orc priest/divine providence (8)]
  4804 | D:5      | Noticed Menkaure
  4805 | D:5      | Killed from afar by an orc priest

Vault maps used:
D:1:      co_arrival_hall_of_pillars
D:2:      lemuel_doored_altar, lemuel_coloured_pillars_altar, first_ration
D:3:      uniq_terence, uniq_jessica
D:4:      grunt_temple_overflow_open, minmay_temple_entry_junction
D:5:      uniq_pikel, uniq_menkaure
Temple:   eino_temple_scatter_basement

Skill      XL: |  1  2  3  4  5  6  7 |
---------------+----------------------+-----
Spellcasting   | 4 5 6 |  6.6
Fire Magic     | 4 5 6 |  6.3
Conjurations   | 2 3 4 |  4.9
Dodging        | 3 |  3.5
Stealth        | 3 |  3.8
Fighting       | |  0.6

Action                   |  1- 3 |  4- 6 |  7- 9 || total
-------------------------+-------+-------+-------++-------
Melee: Unarmed           |       |     1 |       ||     1
 Cast: Flame Tongue      |    47 |    75 |    58 ||   180
       Throw Flame       |       |     6 |     3 ||     9
       Sticky Flame      |       |     3 |     1 ||     4
       Conjure Flame     |       |     1 |     1 ||     2
       Fireball          |       |       |     1 ||     1
  Eat: Chunk             |     1 |     7 |     4 ||    12
Armor: Robe              |     5 |     4 |     1 ||    10
Dodge: Dodged            |    11 |    28 |    10 ||    49

Table legend:
 A = Spawn XP
 B = Non-spawn XP
 C = Spawn XP percentage of total XP
 D = Spawn monster count
 E = Non-spawn monster count
 F = Spawn count percentage of total count
 G = Total turns spent on level
                    A         B        C        D         E        F      G
               +---------+---------+-------+---------+---------+-------+---------
         Total |       0 |    1248 |   0.0 |       0 |      87 |   0.0 |  4805
               +---------+---------+-------+---------+---------+-------+---------
           D:1 |       0 |      14 |   0.0 |       0 |       9 |   0.0 |   373
           D:2 |       0 |     104 |   0.0 |       0 |      21 |   0.0 |  1084
           D:3 |       0 |      75 |   0.0 |       0 |      16 |   0.0 |  1374
           D:4 |       0 |     679 |   0.0 |       0 |      19 |   0.0 |  1281
           D:5 |       0 |     376 |   0.0 |       0 |      22 |   0.0 |   549
               +---------+---------+-------+---------+---------+-------+---------
